 Dungeon Crawl Stone Soup version 0.28.0-47-ge53b351184 (webtiles) character file.

Game seed: 11024903602837158088

433 pkoi the Charlatan (level 6, -1/47 HPs)
             Began as a Demigod Artificer on May 9, 2022.
             Slain by a white imp (3 damage)
             ... on level 5 of the Dungeon.
             The game lasted 00:06:16 (8443 turns).

pkoi the Charlatan (Demigod Artificer)              Turns: 8443, Time: 00:06:16

Health: -1/47      AC: 13    Str: 13    XL:     6   Next: 39%
Magic:  8/8        EV:  3    Int: 21    God:
Gold:   113        SH:  0    Dex: 14    Spells: 5/5 levels left

rFire   . . .      SeeInvis .   q - +5 falchion of Mearrut {vamp, +Blink rElec rC-}
rCold   x . .      Faith    .   (no shield)
rNeg    . . .      Spirit   .   j - +0 plate armour
rPois   .          Reflect  .   s - +0 helmet
rElec   +          Harm     .   (no cloak)
rCorr   .          Rampage  .   (no gloves)
Will    .....                   B - +0 pair of boots
Stlth   ..........              (no amulet)
HPRegen 0.15/turn               (no ring)
MPRegen 0.11/turn               (no ring)

@: no status effects
A: high MP 1, forlorn, divine attributes
a: Evoke Blink


You were on level 5 of the Dungeon.
You visited 2 branches of the dungeon, and saw 6 of its levels.

You collected 113 gold pieces.

Inventory:

Hand Weapons
 a - a +0 club
 h - a +0 dagger
 i - a +0 whip
 l - a +0 short sword
 p - a +0 short sword
 q - the +5 falchion of Mearrut (weapon) {vamp, +Blink rElec rC-}
   (You found it on level 2 of the Dungeon)

   It occasionally heals its wielder for a portion of the damage dealt when it
   wounds a living foe.
   rC:        It makes you vulnerable to cold.
   rElec:     It insulates you from electricity.
   +Blink:    It lets you blink.
 A - a +0 long sword
Missiles
 x - 9 poisoned darts
Armour
 b - a +0 leather armour
 g - a +0 scale mail
 j - a +0 plate armour (worn)
 s - a +0 helmet (worn)
 B - a +0 pair of boots (worn)
Wands
 c - a wand of flame (11) (quivered)
 d - a wand of charming (12)
 v - a wand of polymorph (3)
Scrolls
 m - 2 scrolls of vulnerability
 n - a scroll of fog
 C - a scroll of acquirement
Potions
 f - a potion of brilliance
 k - 2 potions of lignification
 t - a potion of haste
 w - 3 potions of curing
 z - a potion of mutation
 D - a potion of invisibility
Miscellaneous
 e - a piece from Xom's chessboard (15/15)


   Skills:
 + Level 1.4 Fighting
 + Level 3.2 Long Blades
 + Level 2.2 Armour
 + Level 1.4 Dodging
 - Level 0.8 Stealth
 + Level 5.4 Evocations


You had 5 spell levels left.
You didn't know any spells.
Your spell library was empty.

Dungeon Overview and Level Annotations

Branches:
Dungeon (5/15)             Temple (1/1) D:4

Shops:
D:1 *   D:4 *

Annotations:
D:3 Natasha
D:5 1 transporter


Innate Abilities, Weirdness & Mutations

You have an increased reservoir of magic. (+10% MP)
You shall have no god before yourself.
Your divine heritage dramatically boosts your attributes as you level up.


Message History

You slash the adder!
You feel better.
You kill the adder!
You feel sick. The white imp gestures at you. The puff of frost hits you.
You feel a terrible chill!
* * * LOW HITPOINT WARNING * * *
The white imp hits you but does no damage.
Found a scroll of teleportation and a trident.
Found a stone staircase leading up.
You feel sick.
The white imp hits you but does no damage.
Unknown command.
You closely miss the white imp.
You feel sick.
You are no longer poisoned.
The white imp hits you but does no damage.
You closely miss the white imp. The white imp barely misses you.
You hit the white imp but do no damage. The white imp gestures at you.
The puff of frost hits you!
You feel a terrible chill!
* * * LOW HITPOINT WARNING * * *
You hit the white imp.
The white imp is lightly wounded.
The white imp gestures at you. The puff of frost hits you!
You feel a terrible chill!
* * * LOW HITPOINT WARNING * * *
You hit the white imp.
The white imp is severely wounded.
The white imp hits you but does no damage.
You hit the white imp but do no damage.
The white imp is severely wounded.
The white imp hits you.
* * * LOW HITPOINT WARNING * * *
The white imp freezes you.
You feel a terrible chill!
* * * LOW HITPOINT WARNING * * *
Unknown command.
You closely miss the white imp.
The white imp is severely wounded.
The white imp hits you.
* * * LOW HITPOINT WARNING * * *
The white imp freezes you.
You feel a terrible chill!
You die...

#<# #.# #.# . #### #.# #..
.....###.## ... .... .....
.. ..[..##..#.####.
#...5@.......
####.###?.#.) ###..#
....#... #...## # .##....#
#.### .. #...... # ###.#
#.##.#.....# ..
###...##...##.#.....###[#
#........#.............. .
#.........(..........####.


You could see a white imp.

Vanquished Creatures
  A kobold brigand (D:4)
  A gnoll sergeant (D:3)
  A scorpion (D:4)
  A hound (D:4)
  Natasha (D:3)
  Terence (D:3)
  6 gnolls
  5 adders
  An adder skeleton (D:4)
  2 worms (D:3)
  2 dart slugs
  An orc (Temple)
  3 ball pythons
  3 endoplasms
  2 giant cockroaches (D:2)
  6 goblins
  6 hobgoblins
  3 quokkas
  2 bats
  2 frilled lizards
  5 kobolds
  6 rats
61 creatures vanquished.

Vanquished Creatures (others)
  2 hobgoblins (D:1)
  2 demonic plants (D:3)
  A plant (D:2)
5 creatures vanquished.

Grand Total: 66 creatures vanquished

Notes
Turn   | Place    | Note
-------+----------+-------------------------------------------
     0 | D:1      | pkoi the Demigod Artificer began the quest for the Orb.
     0 | D:1      | Reached XP level 1. HP: 15/15 MP: 3/3
   602 | D:1      | Reached skill level 3 in Evocations
  1119 | D:1      | Found Tusudaz's General Store.
  1202 | D:1      | Reached XP level 2. HP: 22/22 MP: 4/4
  2490 | D:2      | Reached XP level 3. HP: 27/27 MP: 5/5
  2511 | D:2      | Reached skill level 4 in Evocations
  2865 | D:2      | Identified the +5 falchion of Mearrut {vamp, +Blink rElec
                  | rC-}
  3942 | D:3      | Noticed Terence
  3970 | D:3      | Killed Terence
  3971 | D:3      | Reached skill level 1 in Long Blades
  3971 | D:3      | Reached XP level 4. HP: 34/34 MP: 6/6
  4245 | D:3      | Noticed Natasha
  4256 | D:3      | Killed Natasha
  4637 | D:3      | Noticed an Executioner
  4660 | D:3      | Noticed Natasha
  4760 | D:4      | Noticed a gnoll sergeant
  5438 | D:4      | Found a staircase to the Ecumenical Temple.
  5469 | D:4      | Reached XP level 5. HP: 39/39 MP: 7/7
  5600 | D:4      | Found Lofurghimp's General Store.
  5662 | D:4      | Identified a scroll of acquirement
  5674 | D:4      | Reached skill level 5 in Evocations
  6173 | Temple   | Entered the Ecumenical Temple
  7293 | D:4      | Reached skill level 1 in Fighting
  7293 | D:4      | Reached skill level 1 in Dodging
  7293 | D:4      | Reached XP level 6. HP: 39/47 MP: 8/8
  7435 | D:3      | HP: 2/47 [gnoll sergeant/+0 spear (5)]
  8364 | D:5      | Entered Level 5 of the Dungeon
  8366 | D:5      | Found a transporter.
  8443 | D:5      | HP: 2/47 [white imp (3)]
  8443 | D:5      | Slain by a white imp

Illustrated notes

Levels and vault maps discovered:
D:1:      evilmike_arrival_plus, layout_loops_corners, serial_shops,
          nicolae_diamond_shop
D:2:      layout_basic, serial_forest, infiniplex_forest_end_2,
          infiniplex_forest_clump_double, infiniplex_forest_corner_1,
          infiniplex_forest_clump_tiny, infiniplex_forest_lined_2,
          infiniplex_forest_split
D:3:      layout_rooms, grunt_qazlal_sundering, mainiacjoe_overflow_big_doors,
          cheibriados_altar_1, dreamdust_ecumenical_altar_sealed_demon,
          uniq_natasha, uniq_terence
D:4:      layout_loops_corners, makhleb_heckhound_becter,
          mainiacjoe_overflow_alcove_4, minmay_temple_entry_slanted,
          serial_shops, shop, sigmund_army
D:5:      layout_rooms, nicolae_overflow_crystal_walls,
          gammafunk_ghost_abyssal_escape
Temple:   zaba_magenta_temple

Skill      XL: |  1  2  3  4  5 |
---------------+----------------+-----
Evocations     | 3 4 5 |  5.4
Long Blades    | 1 2 3 |  3.2
Fighting       | 1 |  1.4
Armour         | 2 |  2.2
Dodging        | 1 |  1.4
Stealth        | |  0.8

Action                   |  1- 3 |  4- 6 || total
-------------------------+-------+-------++-------
Melee: Club              |    33 |       ||    33
       Dagger            |   134 |       ||   134
       Punch             |     2 |     3 ||     5
       Falchion          |    28 |   133 ||   161
       Unarmed           |    18 |       ||    18
Evoke: Wand              |     7 |       ||     7
       Piece from Xom's  |     4 |       ||     4
  Use: Scroll            |     2 |     9 ||    11
       Potion            |       |     2 ||     2
 Stab: Petrified         |    18 |       ||    18
Armor: Plate armour      |   104 |   101 ||   205
       Scale mail        |    13 |       ||    13
       Leather armour    |     5 |       ||     5
Dodge: Dodged            |    46 |    36 ||    82
